[Event "Team 45 45 League T29"]
[Site "Internet Chess Club"]
[Date "2006.01.05"]
[Round "3"]
[White "PaleMorningDun"]
[Black "Knight-Rookie"]
[Result "0-1"]
[WhiteElo "1282"]
[BlackElo "1435"]
[TimeControl "2700+45"]

1. e4 e5 2. Nf3 Nc6 3. Bb5 Nf6 4. O-O Bc5 5. h3 d6 6. Re1 O-O 7. Bxc6 bxc6 8. d4
exd4 9. Nxd4 Bb7 10. Nc3 a6 11. Bg5 h6 12. Bxf6 Qxf6 13. Nf5 Rfe8 14. Qf3 Re5
15. g4 d5 16. exd5 cxd5 17. Rxe5 Qxe5 18. Rd1 c6 19. Na4 Ba7 20. c3 Re8 21. Kf1
a5 22. Kg2 Bb8 23. Nc5 Ba8 24. Nd7 Qe4 25. Qxe4 dxe4 26. Nxb8 Rxb8 27. Rd6 a4
28. Rd4 Kh7 29. Rxa4 Re8 30. Nd6 Rf8 31. Rxe4 c5 32. Kf3 Bxe4+ 33. Nxe4 c4 34.
Ke3 Rb8 35. Nd6 Rxb2 36. Nxc4 Rxa2 37. Nd6 Kg6 38. Kf4 Rxf2+ 39. Kg3 Rd2 40. Ne4
Rd3+ 41. Kh4 f5 42. gxf5+ Kxf5 43. Ng3+ Kf4 44. Ne2+ Ke3 45. Nd4 g6 46. Nc2+ Kf4
47. c4 Rc3 48. c5 Rxc5 49. Nd4 Rh5# {White checkmated} 0-1  aics%

[Event "Team 45 45 League T29"]
[Site "Internet Chess Club"]
[Date "2006.01.08"]
[Round "3"]
[White "hotzoddy"]
[Black "Mutaant"]
[Result "0-1"]
[WhiteElo "1234"]
[BlackElo "1351"]
[TimeControl "2700+45"]

1. e4 e5 2. Nf3 Nc6 3. Nc3 Bb4 4. d4 exd4 5. Nxd4 Ne5 6. a3 Bc5 7. Be2 Nf6 8.
O-O O-O 9. Bg5 h6 10. Bh4 Ng6 11. Bg3 a6 12. b4 Bb6 13. Na4 Ba7 14. c4 Nxe4 15.
c5 Nxg3 16. fxg3 d6 17. Bc4 dxc5 18. Nxc5 b6 19. Ncb3 b5 20. Be2 Be6 21. Kh1 Bd5
22. Bf3 Rb8 23. Nc6 Bxc6 24. Bxc6 Rb6 25. Na5 Ne7 26. Ra2 Nxc6 27. Nxc6 Rxc6 28.
Rd2 Rd6 29. Rxd6 Qxd6 30. Qxd6 cxd6 31. Rd1 Rd8 32. g4 Kf8 33. g3 Ke7 34. Kg2
Rc8 35. Rd3 Rc2+ 36. Kh3 Bg1 37. g5 hxg5 38. Kg4 f6 39. h4 gxh4 40. gxh4 Bf2 41.
h5 Be1 42. Re3+ Kf7 43. Rxe1 Rc3 44. Rh1 Rxa3 45. h6 gxh6 46. Rxh6 Rb3 47. Kf5
Rxb4 48. Rxf6+ Ke7 49. Re6+ Kd7 50. Rh6 Rd4 51. Rh7+ Kc6 52. Rh6 b4 53. Ke6 b3
54. Rh1 a5 55. Rc1+ Kb5 56. Rb1 a4 57. Rb2 Kb4 58. Kd7 a3 59. Rh2 b2 60. Rh1 a2
61. Rh8 b1=Q 62. Rb8+ Kc4 63. Rc8+ Kd5 {White resigns} 0-1  aics%

[Event "Team 45 45 League T29"]
[Site "Internet Chess Club"]
[Date "2006.01.09"]
[Round "3"]
[White "Leftorium"]
[Black "slakkjaw"]
[Result "1-0"]
[WhiteElo "1265"]
[BlackElo "1196"]
[TimeControl "2700+45"]

1. e4 e5 2. Nf3 Nc6 3. Bc4 f6 4. d3 Bc5 5. O-O Nh6 6. Bxh6 gxh6 7. Nh4 Ne7 8.
Qh5+ Ng6 9. Nxg6 hxg6 10. Qxg6+ Ke7 11. Qf7+ Kd6 12. Qd5+ Ke7 13. Qxc5+ d6 14.
Qe3 c6 15. a4 a6 16. Qg3 Bd7 17. Qg7+ {Black resigns} 1-0  aics%

[Event "Team 45 45 League T29"]
[Site "Internet Chess Club"]
[Date "2006.01.05"]
[Round "3"]
[White "chevalpnh"]
[Black "Tomate"]
[Result "0-1"]
[WhiteElo "1357"]
[BlackElo "1438"]
[TimeControl "2700+45"]

1. c3 e5 2. d4 Nc6 3. dxe5 Nxe5 4. Bf4 f6 5. e3 Bc5 6. Bxe5 fxe5 7. Qh5+ Kf8 8.
Qxe5 d6 9. Qf4+ Nf6 10. Nd2 d5 11. O-O-O Bd6 12. Qf3 Bg4 13. Qxf6+ Qxf6 14. f3
Be6 15. Bd3 c5 16. e4 Bf4 17. Ne2 Bxd2+ 18. Rxd2 d4 19. a3 c4 20. Bb1 d3 21. Ng3
g6 22. f4 Kg7 23. f5 Bd7 24. Rf1 Qg5 25. f6+ Kf7 26. Ba2 b5 27. a4 a6 28. b3 Be6
29. Kd1 Rhe8 30. bxc4 Bxc4 31. Bxc4+ bxc4 32. Re1 Rab8 {White resigns} 0-1 
aics%  haduken(71): kramnik no sirve punto aics%

[Event "Team 45 45 League T29"]
[Site "Internet Chess Club"]
[Date "2006.01.06"]
[Round "3"]
[White "moreffee"]
[Black "LaskerFan"]
[Result "1-0"]
[WhiteElo "1379"]
[BlackElo "1377"]
[TimeControl "2700+45"]

1. Nf3 d5 2. e4 dxe4 3. Ng5 Nf6 4. Nc3 e6 5. Ngxe4 c5 6. Bb5+ Bd7 7. d3 Be7 8.
Bf4 Nxe4 9. Bxd7+ Nxd7 10. Nxe4 e5 11. Bd2 f5 12. Nc3 Nb8 13. Qf3 Qd7 14. O-O-O
O-O 15. Qd5+ Kh8 16. Qxe5 Bd6 17. Qd5 Na6 18. Qc4 Rab8 19. Nb5 Nc7 20. Nxd6 Qxd6
21. Bf4 Qc6 22. Rhe1 h6 23. Re7 Nd5 24. Rxg7 Kxg7 25. Be5+ Kg8 26. Re1 Rbe8 27.
Re3 Rf7 28. Rg3+ Kf8 29. f4 b5 30. Qb3 c4 31. dxc4 Qxc4 32. Bd6+ Ne7 33. Qa3 Qa4
34. Qc3 Rh7 35. Qf6+ {Black resigns} 1-0  aics%

[Event "Team 45 45 League T29"]
[Site "Internet Chess Club"]
[Date "2006.01.10"]
[Round "3"]
[White "JimGaming"]
[Black "Dalcon"]
[Result "1-0"]
[WhiteElo "1271"]
[BlackElo "1209"]
[TimeControl "2700+45"]

1. e4 e5 2. Nf3 Nc6 3. Bb5 a6 4. Ba4 Nf6 5. d3 d6 6. c3 Bd7 7. Bg5 Be7 8. O-O
O-O 9. Re1 Nh5 10. Be3 Nf4 11. Bxf4 exf4 12. Na3 b5 13. Bc2 Ne5 14. Nxe5 dxe5
15. f3 Bh4 16. Re2 Re8 17. d4 Qg5 18. d5 c6 19. Bb3 c5 20. d6 c4 21. Nxc4 bxc4
22. Bxc4 Bb5 23. Bxb5 axb5 24. Qd5 Rab8 25. b4 Re6 26. a4 bxa4 27. Rxa4 Rf8 28.
Ra8 Ree8 29. Rxe8 Rxe8 30. d7 Rf8 31. c4 h6 32. c5 Qe7 33. b5 Qe6 34. c6 Qxd5
35. exd5 Bd8 36. Rxe5 f6 37. Re8 Kf7 38. d6 Rxe8 39. dxe8=Q+ Kxe8 40. c7 {Black
resigns} 1-0  aics%

[Event "Team 45 45 League T29"]
[Site "Internet Chess Club"]
[Date "2006.01.06"]
[Round "3"]
[White "GLuft"]
[Black "Hastings"]
[Result "0-1"]
[WhiteElo "1119"]
[BlackElo "1276"]
[TimeControl "2700+45"]

1. e4 e5 2. Nf3 Nc6 3. c3 Nf6 4. d3 b6 5. Be3 Bb7 6. Nbd2 d5 7. Be2 d4 8. cxd4
exd4 9. Bxd4 Nxd4 10. Nxd4 Qxd4 11. Qc2 Bc5 12. Rf1 Qe5 13. Nf3 Bb4+ 14. Kd1 Qe7
15. a3 Bc5 16. b4 Bd6 17. Nd4 O-O 18. Nf5 Qe5 19. Rc1 c5 20. f4 Qe6 21. Nxd6
Qxd6 22. e5 Qe6 23. exf6 Qxf6 24. bxc5 Rac8 25. Qa4 a5 26. Qd7 Bc6 27. Qd6 Ba4+
28. Kd2 Qb2+ 29. Ke3 Rfe8+ 30. Kf3 Qxe2+ 31. Kg3 Re6 32. Qxb6 Rxb6 33. cxb6 Rxc1
34. Rxc1 Qe3+ 35. Kh4 Qxc1 36. b7 Qb1 {White resigns} 0-1  aics%

[Event "Team 45 45 League T29"]
[Site "Internet Chess Club"]
[Date "2006.01.07"]
[Round "3"]
[White "MrLee"]
[Black "gravitydk"]
[Result "1/2-1/2"]
[WhiteElo "1635"]
[BlackElo "1796"]
[TimeControl "2700+45"]

1. Nf3 d5 2. d4 Nf6 3. c4 c6 4. Nc3 e6 5. Bg5 Nbd7 6. e3 Be7 7. Qc2 a6 8. Bd3
dxc4 9. Bxc4 b5 10. Bd3 h6 11. Bh4 c5 12. O-O cxd4 13. Nxd4 Bb7 14. Rfd1 Rc8 15.
Qe2 O-O 16. Bg3 Qb6 17. Rac1 Nc5 18. Bc2 Rfd8 19. Nf3 Nfe4 20. Nxe4 Nxe4 21. Be5
Bf8 22. Rxd8 Qxd8 23. Rd1 Qe8 24. Bb1 Bc5 25. Nd2 Nxd2 26. Rxd2 Qc6 27. Qg4 Bf8
28. Rc2 Qd7 29. Rxc8 Qxc8 30. Qd1 Qc6 31. f3 Bc5 32. Qd8+ Bf8 33. Qd2 Qc5 34.
Qd3 g6 35. Bc3 Bg7 36. Bxg7 Kxg7 37. Qd2 Qg5 38. Qc3+ Kh7 39. Kf1 Bd5 40. b3 Qh4
41. Qc7 Qf6 42. e4 Ba8 43. Qa7 Qf4 44. Qxa8 Qc1+ 45. Kf2 Qxb1 46. Qxa6 Qb2+ 47.
Kf1 Qc1+ 48. Ke2 Qc2+ 49. Kf1 Qd1+ 50. Kf2 Qd2+ 51. Kf1 {Game drawn by mutual
agreement} 1/2-1/2  aics%

[Event "Team 45 45 League T29"]
[Site "Internet Chess Club"]
[Date "2006.01.08"]
[Round "3"]
[White "stakastra"]
[Black "smitty120"]
[Result "1/2-1/2"]
[WhiteElo "1629"]
[BlackElo "1739"]
[TimeControl "2700+45"]

1. e4 e5 2. Nc3 Nf6 3. Bc4 Nc6 4. d3 Bc5 5. Nf3 O-O 6. Bg5 h6 7. Bh4 d6 8. h3
Nd4 9. Nd5 g5 10. Nxg5 c6 11. Nxf6+ Qxf6 12. Nf3 Nxf3+ 13. Qxf3 Qxh4 14. O-O-O
Qf4+ 15. Qxf4 exf4 16. f3 Be3+ 17. Kb1 Be6 18. g3 b5 19. Bxe6 fxe6 20. gxf4 Bxf4
21. Rhg1+ Kh7 22. Rg4 Be3 23. Re1 Bb6 24. c3 Rg8 25. d4 Raf8 26. Rf1 Rxg4 27.
hxg4 Kg6 28. f4 e5 29. dxe5 dxe5 30. f5+ Kg5 31. Rh1 Rf6 32. Rh2 Be3 33. Kc2
Kxg4 34. Rg2+ Kf3 35. Rg6 Bg5 36. Kd3 c5 37. b3 Kf4 38. a4 a6 39. axb5 axb5 40.
Rg7 Rd6+ 41. Kc2 Kxe4 42. Rc7 Kd5 43. Rb7 Kc6 44. Rg7 Rf6 45. Kd3 Rxf5 46. Ke4
Kd6 47. Kxf5 Bd2 48. Rg3 Bf4 49. Rd3+ Kc6 50. Ke4 c4 51. bxc4 bxc4 52. Rd8 Kc7
53. Rd1 Kc6 54. Rd5 Kb6 55. Kf5 Kc6 56. Ke6 Kb6 57. Rd1 Kc6 58. Rb1 Bd2 59. Rb2
Bf4 {Game drawn by mutual agreement} 1/2-1/2  aics%

[Event "Team 45 45 League T29"]
[Site "Internet Chess Club"]
[Date "2006.01.09"]
[Round "3"]
[White "Trixi"]
[Black "stan194803"]
[Result "1-0"]
[WhiteElo "1486"]
[BlackElo "1428"]
[TimeControl "2700+45"]

1. e4 e5 2. Nf3 Nc6 3. Nc3 Nf6 4. Bb5 d6 5. d4 Bd7 6. O-O Be7 7. Bg5 O-O 8. d5
Nb8 9. Bd3 Bg4 10. h3 Bh5 11. Bxf6 Bxf6 12. g4 Bg6 13. Ne2 Nd7 14. Nh2 Nc5 15.
Ng3 Bg5 16. b4 Nd7 17. Nf3 Bf4 18. h4 h6 19. h5 Bh7 20. Qe2 Nf6 21. Nh2 a6 22.
Kg2 Kh8 23. f3 Bxg3 24. Kxg3 Nxh5+ 25. gxh5 Qg5+ 26. Kf2 Qxh5 27. Ke1 f5 28.
exf5 Bxf5 29. Bxf5 Rxf5 30. Rf2 Qh4 31. Kd2 Qxb4+ 32. Kc1 Rf4 33. Rb1 Qa3+ 34.
Rb2 Rb4 35. c4 Qc3+ 36. Qc2 Qe1+ 37. Qd1 Rxc4+ 38. Rfc2 Qe3+ 39. Kb1 Rd4 40. Rd2
Rxd2 41. Rxd2 Rf8 42. Rd3 Qf4 43. Qe2 b5 44. Re3 Qb4+ 45. Rb3 Qd4 46. Rd3 Qg1+
47. Kc2 b4 48. Kb2 a5 49. Nf1 e4 50. Rd1 Rxf3 51. Nd2 Qg6 52. Nxf3 exf3 53. Qxf3
Qe8 54. Kb3 Qe5 55. Qd3 Qe8 56. Rf1 Qg8 57. Qf5 a4+ 58. Kc4 b3 59. axb3 a3 60.
Qf8 a2 61. Qxg8+ Kxg8 62. Kb5 g5 63. Kc6 Kg7 64. Kxc7 g4 65. b4 g3 66. b5 g2 67.
Rg1 Kf6 68. b6 Ke5 69. b7 Kxd5 70. b8=Q h5 71. Qb5+ Ke4 72. Qxh5 Ke3 73. Qh3+
Kd4 74. Qxg2 a1=Q 75. Rxa1 Ke5 76. Re1+ Kd4 77. Kxd6 {Black resigns} 1-0  aics%

[Event "Team 45 45 League T29"]
[Site "Internet Chess Club"]
[Date "2006.01.07"]
[Round "3"]
[White "calily"]
[Black "martineden"]
[Result "0-1"]
[WhiteElo "1624"]
[BlackElo "1752"]
[TimeControl "2700+45"]

1. e4 g6 2. d4 Bg7 3. Nf3 d6 4. Bc4 Nf6 5. Nc3 Nc6 6. a3 Nxe4 7. Bxf7+ Kxf7 8.
Nxe4 d5 9. Neg5+ Ke8 10. O-O h6 11. Nh3 Bxh3 12. gxh3 Qd7 13. Qd3 g5 14. Qg6+
Kf8 15. Bxg5 Qxh3 16. Ne5 Bxe5 17. dxe5 Qg4+ 18. Kh1 Qxg5 19. Qd3 Qxe5 20. Rae1
Qxb2 21. Rg1 Qd4 22. Qg6 Qf6 23. Qg4 Ne5 24. Qh5 Qf3+ {White resigns} 0-1  aics%

[Event "Team 45 45 League T29"]
[Site "Internet Chess Club"]
[Date "2006.01.05"]
[Round "3"]
[White "jmoffitt"]
[Black "egd01"]
[Result "0-1"]
[WhiteElo "1612"]
[BlackElo "1463"]
[TimeControl "2700+45"]

1. e4 c5 2. Nf3 d6 3. d4 cxd4 4. Nxd4 Nf6 5. Nc3 a6 6. Be3 Ng4 7. Bf4 e5 8. Bxe5
dxe5 9. Nf3 Nc6 10. Bd3 Bc5 11. O-O O-O 12. h3 Nf6 13. Qe2 Nd4 14. Nxd4 Bxd4 15.
Rad1 Qa5 16. Qd2 Bxc3 17. bxc3 Qxa2 18. Qg5 Qe6 19. f4 h6 20. Qh4 Nh7 21. f5 Qf6
22. Qf2 b5 23. g4 Rb8 24. Qa7 Qb6+ 25. Qxb6 Rxb6 26. h4 Bb7 27. Rf2 Rc8 28. Rg2
Rd6 29. g5 Bxe4 {White resigns} 0-1  aics%

[Event "Team 45 45 League T29"]
[Site "Internet Chess Club"]
[Date "2006.01.08"]
[Round "3"]
[White "mambomex"]
[Black "tryanything"]
[Result "1-0"]
[WhiteElo "1634"]
[BlackElo "1539"]
[TimeControl "2700+45"]

1. e4 e5 2. f4 exf4 3. Nf3 Nc6 4. Nc3 g6 5. Bc4 d6 6. O-O Bg7 7. d4 Nge7 8. Bxf4
O-O 9. a3 Kh8 10. h3 f5 11. e5 dxe5 12. dxe5 a6 13. Qe2 b5 14. Ba2 Bb7 15. Rad1
Qe8 16. Ng5 Rd8 17. Ne6 Rxd1 18. Rxd1 Qc8 19. Nxf8 Qxf8 20. Nd5 Nxd5 21. Bxd5
Qc5+ 22. Kh2 Nd4 23. Qf2 Bxd5 24. Qxd4 Qxd4 25. Rxd4 c6 26. b3 g5 27. Bg3 f4 28.
Bf2 Bxe5 29. c4 bxc4 30. bxc4 f3+ 31. Kg1 fxg2 32. cxd5 Bxd4 33. Bxd4+ Kg8 34.
dxc6 {Black resigns} 1-0  aics%

[Event "Team 45 45 League T29"]
[Site "Internet Chess Club"]
[Date "2006.01.07"]
[Round "3"]
[White "Fineas-Fogg"]
[Black "arriero55"]
[Result "0-1"]
[WhiteElo "1432"]
[BlackElo "1501"]
[TimeControl "2700+45"]

1. Nf3 d5 2. g3 c5 3. d4 cxd4 4. Nxd4 Nf6 5. Bg2 g6 6. O-O e5 7. Nb3 Be7 8. Nc3
d4 9. Ne4 Nxe4 10. Bxe4 a5 11. a4 Nd7 12. c3 dxc3 13. bxc3 h5 14. Be3 Qc7 15.
Qc2 Qc4 16. f4 h4 17. Bxg6 hxg3 18. hxg3 fxg6 19. Qxg6+ Kd8 20. fxe5 Qxb3 21.
Rab1 Qd5 22. e6 Ra6 23. Rfd1 Qh1+ 24. Kf2 Rh2# {White checkmated} 0-1  aics%

[Event "Team 45 45 League T29"]
[Site "Internet Chess Club"]
[Date "2006.01.06"]
[Round "3"]
[White "sdcohle"]
[Black "EyeAm"]
[Result "1/2-1/2"]
[WhiteElo "1366"]
[BlackElo "1345"]
[TimeControl "2700+45"]

1. d4 f5 2. c4 Nf6 3. Nf3 g6 4. e3 Bg7 5. Nc3 d6 6. Be2 O-O 7. O-O Ne4 8. Qc2
Nxc3 9. Qxc3 c5 10. Qb3 e5 11. dxe5 dxe5 12. Rd1 Qe7 13. Bd2 e4 14. Ne1 Nc6 15.
Bc3 Ne5 16. Qc2 Be6 17. b3 Rad8 18. f3 exf3 19. Nxf3 Nxf3+ 20. Bxf3 Bh6 21. Re1
Qc7 22. Qe2 Bg7 23. Bxg7 Kxg7 24. Rad1 Rxd1 25. Rxd1 b6 26. Rd2 Rd8 27. Qd1 Rxd2
28. Qxd2 Qd7 29. Qxd7+ Bxd7 30. Kf2 Kf6 31. h4 h5 32. g3 Ke5 33. Ke2 b5 34. cxb5
Bxb5+ 35. Kd2 c4 36. Kc3 cxb3 37. axb3 a5 {Game drawn by mutual agreement}
1/2-1/2  aics%

[Event "Team 45 45 League T29"]
[Site "Internet Chess Club"]
[Date "2006.01.07"]
[Round "3"]
[White "houseofcook"]
[Black "CheesebrainII"]
[Result "1/2-1/2"]
[WhiteElo "1339"]
[BlackElo "1275"]
[TimeControl "2700+45"]

1. e4 e6 2. d4 d5 3. e5 Nc6 4. Nf3 f6 5. Bf4 fxe5 6. dxe5 Bd7 7. c3 h6 8. Bd3 g5
9. Bg6+ Ke7 10. Be3 b6 11. Qb3 Be8 12. Bd3 Bh5 13. Nd4 Nxe5 14. Bb5 c5 15. Nc6+
Nxc6 16. Bxc6 c4 17. Qa4 d4 18. Bxd4 e5 19. Bxa8 Qxa8 20. O-O exd4 21. Re1+ Kf7
22. Qxc4+ Kg7 23. Qxd4+ Kh7 24. Qd7+ Be7 25. Qe6 Qd8 26. Na3 Qd2 {Game drawn by
mutual agreement} 1/2-1/2  aics%

[Event "Team 45 45 League T29"]
[Site "Internet Chess Club"]
[Date "2006.01.07"]
[Round "3"]
[White "Mila-Reina"]
[Black "arconia"]
[Result "0-1"]
[WhiteElo "1355"]
[BlackElo "1307"]
[TimeControl "2700+45"]

1. e4 Nc6 2. Nf3 e5 3. d4 exd4 4. Nxd4 d5 5. Nc3 dxe4 6. Be3 Bc5 7. Bb5 a6 8.
Bxc6+ bxc6 9. Nxe4 Bxd4 10. Bxd4 Nf6 11. Nxf6+ gxf6 12. O-O O-O 13. c3 Kh8 14.
Qf3 Kg7 15. Qxc6 Bd7 16. Qf3 Rc8 17. Qg3+ Kh8 18. Rae1 c5 19. Be3 Rg8 20. Qf3
Bc6 21. Qf4 Rxg2+ 22. Kh1 Rg4+ 23. f3 Rxf4 24. Bxf4 Qd5 25. Re3 Rg8 26. c4 Qd2
27. Rg1 Rxg1+ 28. Kxg1 Qd4 29. Bh6 f5 30. Kf2 f4 31. Bxf4 Qxf4 32. Ke2 Qxc4+ 33.
Kf2 Qxa2 34. h4 Qxb2+ 35. Kg3 f5 36. Re6 Bd7 37. Rxa6 Qe5+ 38. Kf2 Qh2+ 39. Ke3
Qxh4 40. Ra8+ Kg7 41. Ra7 Qd4+ 42. Ke2 f4 43. Kf1 c4 44. Rb7 c3 45. Rc7 Qd3+ 46.
Kf2 c2 47. Kg2 Qd2+ 48. Kg1 c1=Q+ 49. Rxc1 Qxc1+ 50. Kg2 Qe3 51. Kh2 Qxf3 52.
Kg1 Bc6 53. Kh2 Qg2# {White checkmated} 0-1  aics%

[Event "Team 45 45 League T29"]
[Site "Internet Chess Club"]
[Date "2006.01.10"]
[Round "3"]
[White "PassTheGuard"]
[Black "Havoc"]
[Result "1-0"]
[WhiteElo "1163"]
[BlackElo "1277"]
[TimeControl "2700+45"]

1. e4 c5 2. Nf3 g6 3. d3 Nc6 4. Nbd2 e5 5. g3 Nf6 6. Bg2 Bg7 7. O-O O-O 8. Re1
b5 9. c3 d6 10. Qb3 a6 11. Nf1 Be6 12. Qd1 Bg4 13. Bg5 Qd7 14. Ne3 Bh3 15. Bxf6
Bxf6 16. Nd5 Bd8 17. Qc2 Bxg2 18. Kxg2 Ne7 19. Nf6+ Kg7 20. Nxd7 Re8 21. Re3 Ra7
22. Ndxe5 dxe5 23. Nxe5 Bc7 24. Nf3 Bb6 25. c4 bxc4 26. dxc4 Nc6 27. Qa4 Rc8 28.
Rd1 Nb4 29. Qb3 Bd8 30. e5 Rb7 31. a3 Rcb8 32. axb4 Rxb4 33. Qc3 Rb3 34. Qe1
Rxb2 35. e6 R8b7 36. e7 Bxe7 37. Rxe7 R7b3 38. Re2 Rxe2 39. Qxe2 a5 40. Qa2 Rb4
41. Qxa5 Rxc4 42. Ne5 Rc2 43. Rd7 Kf6 44. Nxf7 Re2 45. Qxc5 h5 46. Kf3 Re1 47.
Qc3+ {Black resigns} 1-0  aics%

[Event "Team 45 45 League T29"]
[Site "Internet Chess Club"]
[Date "2006.01.06"]
[Round "3"]
[White "engeln"]
[Black "Traho"]
[Result "1-0"]
[WhiteElo "1474"]
[BlackElo "1316"]
[TimeControl "2700+45"]

1. e4 e5 2. c3 Nf6 3. Qc2 d6 4. Bc4 Be7 5. Nf3 O-O 6. d4 Nc6 7. O-O Na5 8. Be2
d5 9. exd5 exd4 10. cxd4 Nxd5 11. Nc3 Nc6 12. Qe4 Nf6 13. Qh4 Nd5 14. Bg5 f6 15.
Bd3 g6 16. Bh6 f5 17. Ng5 Bxg5 18. Bxg5 Nf6 19. Bc4+ Kh8 20. Nd5 {Black resigns}
1-0  aics%

[Event "Team 45 45 League T29"]
[Site "Internet Chess Club"]
[Date "2006.01.08"]
[Round "3"]
[White "SandiaCaveMan"]
[Black "Midwest-Rook"]
[Result "1-0"]
[WhiteElo "1440"]
[BlackElo "1293"]
[TimeControl "2700+45"]

1. d4 d5 2. Nf3 b6 3. e3 Nf6 4. Nbd2 e6 5. Bd3 Bd6 6. O-O Nc6 7. c3 Bd7 8. e4
dxe4 9. Nxe4 Nxe4 10. Bxe4 a6 11. Ne5 Bxe5 12. dxe5 Rb8 13. f4 Qe7 14. Qf3 Nd8
15. Qg3 g6 16. Be3 Bc6 17. Bd3 a5 18. Rf2 Qd7 19. Bd4 Bb5 20. Bc2 c5 21. Be3 c4
22. Rd1 Qe7 23. Rd6 Bc6 24. Rd4 Bd5 25. f5 Nc6 26. Bg5 Qd7 27. Rh4 exf5 28. Bf6
Rf8 29. Rxh7 Be6 30. Qh4 Ne7 31. Rh8 Ng8 32. Bg7 Qe7 33. Qxe7+ Kxe7 34. Bxf8+
Rxf8 35. Rd2 b5 36. Rd6 f6 37. Rh7+ Bf7 38. Ra6 Rd8 39. Ra7+ Rd7 40. Rxd7+ Kxd7
41. Rxf7+ {Black resigns} 1-0  aics%

[Event "Team 45 45 League T29"]
[Site "Internet Chess Club"]
[Date "2006.01.09"]
[Round "3"]
[White "WannaB"]
[Black "littleboo"]
[Result "0-1"]
[WhiteElo "1029"]
[BlackElo "1232"]
[TimeControl "2700+45"]

1. e4 e5 2. Nf3 Nc6 3. d4 exd4 4. Bc4 Nf6 5. Qd3 Bc5 6. Bxf7+ Kxf7 7. Qc4+ d5 8.
exd5 Re8+ 9. Kf1 Qxd5 10. Ng5+ Kg8 11. Qxd5+ Nxd5 12. a3 Bf5 13. b4 Bxc2 14.
bxc5 Bd3+ {White resigns} 0-1  aics%

[Event "Team 45 45 League T29"]
[Site "Internet Chess Club"]
[Date "2006.01.08"]
[Round "3"]
[White "vhuffst"]
[Black "rpgrossman"]
[Result "1-0"]
[WhiteElo "1241"]
[BlackElo "1072"]
[TimeControl "2700+45"]

1. e4 e5 2. Nf3 Nc6 3. Nc3 Nf6 4. d4 d6 5. d5 Ne7 6. Bb5+ c6 7. dxc6 bxc6 8. Bc4
Qb6 9. Qxd6 Ned5 10. Qxe5+ Be6 11. exd5 Ng4 12. Qe2 cxd5 13. Nxd5 Bb4+ 14. c3
Qxf2+ 15. Qxf2 Nxf2 16. Kxf2 O-O-O 17. Ba6+ Kb8 18. Nxb4 Rd6 19. Bf4 Rd8 20.
Nc6+ Kc7 21. Nxd8 {Black resigns} 1-0  aics%  Smallville(GM)(71): por que? aics%

[Event "Team 45 45 League T29"]
[Site "Internet Chess Club"]
[Date "2006.01.06"]
[Round "3"]
[White "Boromir"]
[Black "gule"]
[Result "1-0"]
[WhiteElo "1877"]
[BlackElo "1835"]
[TimeControl "2700+45"]

1. d4 Nf6 2. c4 e5 3. dxe5 Ng4 4. Bf4 Bb4+ 5. Nd2 Nc6 6. Nf3 Qe7 7. e3 Ngxe5 8.
Nxe5 Nxe5 9. Be2 O-O 10. O-O Bxd2 11. Qxd2 d6 12. b4 Be6 13. Rac1 Rfd8 14. Qb2
Bg4 15. Rfd1 Bxe2 16. Qxe2 Qe6 17. c5 dxc5 18. Rxc5 Qxa2 19. Rc2 Rxd1+ 20. Qxd1
Qe6 21. Rxc7 b6 22. Rxa7 Re8 23. Bxe5 Qxe5 24. h3 h6 25. Qd7 Qe6 26. Qxe6 Rxe6
27. Rb7 g6 28. Kf1 Kg7 29. Ke2 Rd6 30. f4 Kf6 31. g4 Ke6 32. e4 f6 33. h4 g5 34.
hxg5 hxg5 35. Ke3 gxf4+ 36. Kxf4 Rc6 37. Rb8 Rd6 38. g5 fxg5+ 39. Kxg5 Ke7 40.
e5 Rd5 41. Kf5 Rb5 42. Rb7+ Ke8 43. Ke6 Kd8 44. Kd6 Kc8 45. Rc7+ Kd8 46. Rc4 Ke8
47. e6 Kd8 48. e7+ Ke8 49. Rc8+ Kf7 50. e8=Q+ Kg7 51. Qxb5 {Black resigns} 1-0 
aics%

[Event "Team 45 45 League T29"]
[Site "Internet Chess Club"]
[Date "2006.01.06"]
[Round "3"]
[White "Knightstorm57"]
[Black "Zarek"]
[Result "1/2-1/2"]
[WhiteElo "1871"]
[BlackElo "1841"]
[TimeControl "2700+45"]

1. c4 Nf6 2. g3 g6 3. Bg2 Bg7 4. Nc3 c6 5. e4 d6 6. Nge2 Bg4 7. h3 Bd7 8. O-O
Qc8 9. Kh2 O-O 10. d3 Na6 11. Be3 Nc7 12. Qd2 Re8 13. Rac1 e5 14. d4 b6 15. Rfd1
c5 16. dxe5 dxe5 17. Nd5 Be6 18. Nec3 Na6 19. Nxf6+ Bxf6 20. Nd5 Bg7 21. f4 Nb8
22. Qf2 Nc6 23. fxe5 Bxd5 24. exd5 Nxe5 25. b3 Qd7 26. Qd2 Rac8 27. Re1 Qf5 28.
Rf1 Qd7 29. Rce1 h5 30. Bg5 Qd6 31. Bf4 Qd7 32. Re2 Kf8 33. Rfe1 Qf5 34. Be4 Qd7
35. Bxe5 Rxe5 36. Bd3 Rce8 37. Rxe5 Rxe5 38. Rxe5 Bxe5 39. Qh6+ Kg8 40. Qg5 Qd6
41. Be2 Bf6 42. Qe3 {Game drawn by mutual agreement} 1/2-1/2  aics%

[Event "Team 45 45 League T29"]
[Site "Internet Chess Club"]
[Date "2006.01.08"]
[Round "3"]
[White "JohnnySP"]
[Black "Ferreruela"]
[Result "1-0"]
[WhiteElo "1828"]
[BlackElo "1725"]
[TimeControl "2700+45"]

1. e4 c5 2. Nf3 Nc6 3. d4 cxd4 4. Nxd4 Nf6 5. Nc3 g6 6. Nxc6 bxc6 7. e5 Nd5 8.
Nxd5 cxd5 9. Qxd5 Rb8 10. e6 dxe6 11. Qe5 Rxb2 12. Bxb2 f6 13. Bb5+ Kf7 14. Qc3
Bb7 15. Rd1 Qb6 16. Bf1 Bh6 17. Rd7 Rc8 18. Qxf6+ Kg8 19. Qh8+ Kf7 20. Qxh7+ Kf8
21. Qxe7+ Kg8 22. Qh7+ Kf8 23. Qf7# {Black checkmated} 1-0  aics%

[Event "Team 45 45 League T29"]
[Site "Internet Chess Club"]
[Date "2006.01.07"]
[Round "3"]
[White "dondel"]
[Black "pokerram"]
[Result "0-1"]
[WhiteElo "1660"]
[BlackElo "1685"]
[TimeControl "2700+45"]

1. d4 Nf6 2. c4 g6 3. Nf3 d6 4. e3 Bg7 5. Nc3 O-O 6. d5 e6 7. Be2 exd5 8. cxd5
c6 9. O-O Re8 10. b4 Nxd5 11. Bb2 Nxc3 12. Bxc3 Bxc3 13. Rb1 Bg7 14. Bc4 d5 15.
Bb3 Bg4 16. h3 Bf5 17. Bc2 Bxc2 18. Qxc2 Qe7 19. g4 Nd7 20. Rbe1 Ne5 21. Nxe5
Qxe5 22. f4 Qc3 23. Qxc3 Bxc3 24. Rb1 Rxe3 25. Kg2 Rae8 26. Rb3 d4 27. Rf3 Re2+
28. Kg3 Be1+ {White resigns} 0-1  aics%

[Event "Team 45 45 League T29"]
[Site "Internet Chess Club"]
[Date "2006.01.05"]
[Round "3"]
[White "Polyglot"]
[Black "fledermaus"]
[Result "0-1"]
[WhiteElo "1762"]
[BlackElo "2046"]
[TimeControl "2700+45"]

1. e4 c6 2. d4 d5 3. exd5 cxd5 4. c4 Nf6 5. Nc3 Nc6 6. cxd5 Nxd5 7. Bb5 Nxc3 8.
bxc3 Qd5 9. Bf1 e5 10. Qe2 Nxd4 11. cxd4 Qxd4 12. Rb1 Bb4+ 13. Rxb4 Qxb4+ 14.
Qd2 Qxd2+ 15. Bxd2 Be6 16. Nf3 f6 17. a3 Kf7 18. Bd3 Bd5 19. Bc2 Rac8 20. Kd1
Rhd8 21. Re1 Rd6 22. Re3 Rcd8 23. Bb3 Bxb3+ 24. Rxb3 e4 25. Rxb7+ Kg8 {White
resigns} 0-1  aics%

[Event "Team 45 45 League T29"]
[Site "Internet Chess Club"]
[Date "2006.01.09"]
[Round "3"]
[White "Winclick"]
[Black "andy4226uk"]
[Result "0-1"]
[WhiteElo "1748"]
[BlackElo "1859"]
[TimeControl "2700+45"]

1. d4 Nf6 2. c4 g6 3. Nc3 d5 4. g3 Bg7 5. Bg2 O-O 6. Nf3 c6 7. cxd5 Nxd5 8. e4
Nxc3 9. bxc3 c5 10. Be3 Nc6 11. Qd2 Qa5 12. e5 Bf5 13. Nh4 cxd4 14. Nxf5 dxc3
15. Nxe7+ Nxe7 16. Qc2 Bxe5 17. O-O Nf5 18. Rab1 Nxe3 19. fxe3 Qc5 20. Rxb7
Qxe3+ 21. Kh1 Rad8 22. Qb3 Rb8 23. Rxb8 Bxb8 24. Bd5 Kg7 25. Qb7 Qe8 26. Bb3 a5
27. a4 Be5 28. Qa6 Bd4 29. Qb7 Kh6 30. h4 f5 31. Bc2 Qe2 32. Qf3 Qxf3+ 33. Rxf3
Re8 34. Rf1 Re2 35. g4 Rxc2 36. gxf5 gxf5 37. Rxf5 Rc1+ 38. Kg2 c2 39. h5 Rg1+
40. Kh3 c1=Q 41. Rf6+ Bxf6 42. Kh2 Be5+ 43. Kh3 Qe3+ 44. Kh4 Qg3# {White
checkmated} 0-1  aics%      **ANNOUNCEMENT** from ROBOadmin: "help event2" for a
list of all the upcoming events on the Internet Chess Club!  aics%